 Dungeon Crawl Stone Soup version 0.14-a0-1719-ga7e7698 (webtiles) character file.

274 Kae the Insei (level 5, 0/40 HPs)
             Began as a Draconian Transmuter on Jan 2, 2014.
             Slain by a kobold
             ... wielding a +0,+0 short sword
              (2 damage)
             ... on Level 2 of the Dungeon.
             The game lasted 00:03:05 (2293 turns).

Kae the Insei (Draconian Transmuter)                Turns: 2293, Time: 00:03:06

HP   0/40        AC  5     Str 12      XL: 5   Next: 76%
MP   9/9         EV 12     Int 14      God:
Gold 39          SH  0     Dex 12      Spells:  3 memorised,  2 levels left

rFire  . . .     SeeInvis .       - Unarmed
rCold  . . .     Clarity  .     (armour unavailable)
rNeg   . . .     Conserve .     (no shield)
rPois  .         rCorr    .     (helmet restricted)
rElec  .         rRot     .     (no cloak)
SustAb . .       Spirit   .     (no gloves)
rMut   .         Warding  .     (no boots)
Saprov . . .     Stasis   .     (no amulet)
                                (no ring)
                                (no ring)

@: appendage (expiring), invisible, very slightly contaminated, slightly
resistant to hostile enchantments, unstealthy
A: unfitting armour, large and strong wings, horns 2, AC +5
a: Fly, End Transformation


You were on level 2 of the Dungeon.
You were very hungry.
You had grown temporary horns.
You visited 1 branch of the dungeon, and saw 3 of its levels.

You collected 39 gold pieces.

Inventory:

Missiles
 b - 12 arrows
 k - 47 stones (quivered)
Magical devices
 i - a wand of frost (0)
 l - a wand of invisibility (3) {unknown}
Comestibles
 a - 3 bread rations
Scrolls
 e - 2 scrolls of curse jewellery {unknown}
 f - 7 scrolls of identify {unknown}
 g - a scroll of random uselessness {unknown}
 h - 2 scrolls of curse weapon {unknown}
 j - a scroll of enchant weapon I {unknown}
Books
 d - a book of Changes

   Spells                             Type                      Level
   *Beastly Appendage                 Transmutation                1
   *Sticks to Snakes                  Transmutation                2
   *Spider Form                       Transmutation/Poison         3
   Ice Form                           Ice/Transmutation            4
   Blade Hands                        Transmutation                5


   Skills:
 - Level 1.1 Fighting
 - Level 1.7 Dodging
 * Level 5.6 Unarmed Combat
 - Level 2.0 Spellcasting
 + Level 3.8 Transmutations


You had 2 spell levels left.
You knew the following spells:

 Your Spells              Type           Power        Failure   Level  Hunger
a - Beastly Appendage     Trmt           ##....       6%          1    ##.....
b - Sticks to Snakes      Trmt           ##........   10%         2    ###....
c - Spider Form           Trmt/Pois      #.........   38%         3    ####...


Dungeon Overview and Level Annotations

Branches:
Dungeon (3/16)

Altars:


Innate Abilities, Weirdness & Mutations

Your plain brown scales are hard (AC +5).*
Your body does not fit into most forms of armour.
Your cold-blooded metabolism reacts poorly to cold.
Your wings are large and strong.*
You have a pair of horns on your head.*


Message History

* * * LOW HITPOINT WARNING * * *
The kobold closely misses you.
The kobold throws a dart.
The dart misses you.
You see here a dart.
The kobold throws a dart.
The dart misses you.
Drink which item? (? for menu, Esc to quit)
Okay, then.
Drink which item? (? for menu, Esc to quit)
You fade into invisibility!
The kobold barely misses you.
You are very lightly contaminated with residual magic.
You closely miss the kobold. The kobold closely misses you.
You closely miss the kobold. You punch the kobold!
You kill the kobold!
You miss the kobold.
Your transformation is almost over.
The kobold completely misses you.
You barely miss the kobold. The kobold hits you with a short sword.
You die...

####.#########..#
#.# #.......#
####'####.####.##
........#.# #.#
........'<####.#####
........#.##.......#
........#.###).###.#
........#......#...#
........######.#@###
........####...K.#
..............>###
############.#.#
#.#.# #.#.# #.#.#
#########.#.#
#.........#.#


You could see a kobold.

Vanquished Creatures
  Sigmund (D:2)
  A giant frog (D:3)
  3 adders (D:2)
  4 gnolls (D:2)
  2 giant geckos
  A ball python (D:2)
  4 goblins
  11 hobgoblins
  A quokka (D:3)
  4 bats
  2 giant cockroaches
  4 giant newts (D:1)
  10 kobolds
  A rat (D:1)
49 creatures vanquished.

Notes
Turn   | Place    | Note
--------------------------------------------------------------
     0 | D:1      | Kae, the Draconian Transmuter, began the quest for the Orb.
     0 | D:1      | Reached XP level 1. HP: 16/16 MP: 3/3
   214 | D:1      | Reached XP level 2. HP: 17/23 MP: 4/4
   820 | D:2      | Reached skill level 4 in Unarmed Combat
   820 | D:2      | Reached XP level 3. HP: 10/28 MP: 6/6
   904 | D:2      | HP: 1/28 [poisoned by an adder]
  1166 | D:2      | Noticed Sigmund
  1175 | D:2      | Gained mutation: Your wings are large and strong. [potion of beneficial mutation]
  1189 | D:2      | Killed Sigmund
  1189 | D:2      | Reached XP level 4. HP: 10/35 MP: 7/7
  1553 | D:2      | Reached skill level 5 in Unarmed Combat
  1562 | D:2      | Reached XP level 5. HP: 40/40 MP: 9/9
  1794 | D:2      | Learned a level 2 spell: Sticks to Snakes
  1798 | D:2      | Learned a level 3 spell: Spider Form
  2285 | D:2      | HP: 1/40 [kobold/short sword (3)]
  2293 | D:2      | Slain by a kobold

Action                   |  1- 3 |  4- 6 || total
-------------------------+-------+-------++-------
Melee: Unarmed           |   120 |    80 ||   200
 Cast: Beastly Appendage |     9 |     7 ||    16
  Use: Potion            |     6 |     1 ||     7
